AoeStats
← danjo

Marketplace

503793400Analyzed
1v1 RM · 1mo ago on Sep 2, 2026· 40m 33s· 2 players
Game mode
Random Map
Map size
Tiny (2 player)
Population
200
Speed
Normal
Resources
Standard
Victory
Conquest
Starting age
Dark Age
Ending age
Imperial Age
RankedLock teamsTeams togetherTeam positionsShared explorationLock speedFull tech treeHidden civsTurbo modeCheats
Victory
Defeat
🇸🇪 Armenians · Sweden
972
+17
🇩🇪 Saracens · Germany
1004
-17
LazyOldMan
8:00 Loom
10:36 Feudal Age
10:39 Man-at-Arms
11:09 Double-Bit Axe
12:18 Arson
14:39 Long Swordsman
16:51 Scale Mail Armor
18:42 Horse Collar
19:33 Fletching
22:16 Wheelbarrow
22:16 Forging
26:26 Castle Age
24:37 Gold Mining
26:39 Two-Handed Swordsman
27:06 Gambesons
28:29 Squires
30:49 Champion
32:09 Iron Casting
31:52 Chain Mail Armor
32:11 Bow Saw
32:56 Iron Casting
34:43 Town Watch
35:19 Hand Cart
35:48 Gold Shaft Mining
danjo
11:34 Feudal Age
13:33 Loom
19:34 Castle Age
18:40 Padded Archer Armor
20:16 Forging
27:05 Fletching
Connection lost

Rejoining the realm…

Still unreachable

The connection could not be restored.

Session expired

The server has moved on; the page needs a fresh start.